 Dungeon Crawl Stone Soup version 0.27-a0-1590-g15f69828bf (webtiles) character file.

Game seed: 3276928114229217133

667198 jt the Sorcerer (level 27, -1/218 HPs)
             Began as a Djinni Ice Elementalist on July 18, 2021.
             Was the Champion of Okawaru.
             Killed by an exploding ball lightning (21 damage)
             ... on level 15 of the Dungeon on July 22, 2021.
             The game lasted 07:53:17 (71814 turns).

jt the Sorcerer (Djinni Ice Elementalist)          Turns: 71814, Time: 07:53:18

Health: -1/218     AC: 43    Str: 33      XL:     27
Gold:   5676       EV: 13    Int: 23 (25) God:    Okawaru [******] SH:  7 Dex: 12

rFire    + + +     SeeInvis .   a - +9 demon whip (vamp)
rCold    + . .     Faith    .   C - +2 buckler {rC+ rF+}
rNeg     + . .     Spirit   .   P - +8 orange crystal plate armour {Archmagi, Int+3 Clar}
rPois    ∞         Reflect  .   O - +2 hat {Will+}
rElec    +         Harm     .   e - +2 cloak {rCorr}
rCorr    +         Rampage  .   p - +0 pair of gloves of Guidicw {rElec Str+10 Dex-5}
Will     +++..     Archmagi +   (boots unavailable) Stlth ..........Clarity +
                                x - amulet of regeneration
HPRegen  0.00/turn Rnd*Tele +   k - ring of Fupoe {rElec rC+ EV+4 Str+9 Stlth-}
MPRegen  0.00/turn              y - ring of positive energy

@: flying, studying 2 skills
A: sickness immunity, fire resistance 2, cold vulnerability 1, float, innate
caster, hp casting, extra vitality 1, horns 1, passive freeze, inhibited
regeneration, strong 1, teleportitis 1, no potion heal 1
0: Orb of Zot
}: 3/15 runes: decaying, silver, gossamer
a: Renounce Religion, Heroism, Finesse


You were on level 15 of the Dungeon.
You worshipped Okawaru.
Okawaru was exalted by your worship.
You visited 11 branches of the dungeon, and saw 51 of its levels.
You also visited: Trove, Bailey, Ice Cave and Wizlab.

You collected 8906 gold pieces.
You spent 3230 gold pieces at shops.

Inventory:

Hand Weapons
 a - a +9 vampiric demon whip (weapon)
 m - the +7 Spriggan's Knife {stab, EV+4 Stlth+}
   (Okawaru gifted it to you on level 3 of the Spider Nest)

   It is more effective when stabbing unaware enemies, treating them as though
   they were completely helpless.
   EV:        It affects your evasion (+4).
   Stlth:     It makes you more stealthy.
 E - the +7 spear "Hydrabane" {drain, SInv}
   (You found it on level 7 of the Dungeon)

   A truly terrible weapon, it drains the life of any living foe it strikes.
   SInv:      It lets you see invisible.
 F - the +3 trident of Imbalance {holy, *Corrode rN++}
   (You found it on level 9 of the Dungeon)

   It has been blessed by the Shining One to cause great damage to the undead
   and demons.
   rN:        It greatly protects you from negative energy.
   *Corrode:  It may corrode you when you take damage.
Missiles
 K - 9 curare-tipped darts (quivered)
Armour
 e - a +2 cloak of preservation (worn)
 p - the +0 pair of gloves of Guidicw (worn) {rElec Str+10 Dex-5}
   (You acquired it on level 5 of the Vaults)

   Str:       It affects your strength (+10).
   Dex:       It affects your dexterity (-5).
   rElec:     It insulates you from electricity.
 C - a +2 buckler of resistance (worn)
 O - a +2 hat of willpower (worn)
 P - the +8 orange crystal plate armour (worn) {Archmagi, Int+3 Clar}
   (You found it on level 10 of the Dungeon)

   Int:       It affects your intelligence (+3).
   Clar:      It protects you against confusion.
Jewellery
 g - the ring "Demudgh" {rElec rCorr Slay+3}
   (You found it in a treasure trove)

   [ring of resist corrosion]

   Slay:      It affects your accuracy & damage with ranged weapons and melee
   (+3).
   rElec:     It insulates you from electricity.
   rCorr:     It protects you from acid and corrosion.
 k - the ring of Fupoe (left hand) {rElec rC+ EV+4 Str+9 Stlth-}
   (You bought it in a shop on level 6 of the Dungeon)

   [ring of evasion]

   EV:        It affects your evasion (+4).
   Str:       It affects your strength (+9).
   rC:        It protects you from cold.
   rElec:     It insulates you from electricity.
   Stlth:     It makes you less stealthy.
 s - the ring "Hiewic" {rF+ SInv}
   (You took it off an orc high priest on level 1 of the Elven Halls)

   [ring of protection from fire]

   rF:        It protects you from fire.
   SInv:      It lets you see invisible.
 x - an amulet of regeneration (around neck)
 y - a ring of positive energy (right hand)
 R - a ring of wizardry
Wands
 b - a wand of digging (11)
 r - a wand of iceblast (41)
 t - a wand of acid (2)
 H - a wand of flame (107)
 L - a wand of paralysis (77)
 S - a wand of charming (31)
 T - a wand of mindburst (15)
Scrolls
 c - 25 scrolls of identify
 l - 6 scrolls of fog
 q - 2 scrolls of holy word
 z - 12 scrolls of teleportation
 D - 4 scrolls of silence
 M - 3 scrolls of summoning
 N - 9 scrolls of fear
 Z - 4 scrolls of immolation
Potions
 f - 7 potions of brilliance
 h - 8 potions of curing
 i - 3 potions of might
 u - a potion of heal wounds
 v - 2 potions of attraction
 w - 4 potions of mutation
 G - 6 potions of haste
 Q - 4 potions of resistance
 V - a potion of ambrosia
Miscellaneous
 d - a box of beasts
 j - a phial of floods
 n - the horn of Geryon
 o - a phantom mirror
 J - a tin of tremorstones (1/2)
 Y - a condenser vane


   Skills:
 - Level 24.0 Fighting
 - Level 4.8 Short Blades
 - Level 7.0 Maces & Flails
 - Level 2.0 Polearms
 + Level 20.9 Armour
 - Level 5.0 Dodging
 - Level 1.5 Stealth
 - Level 4.0 Shields
 * Level 26.3 Spellcasting
 - Level 5.0 Invocations
 - Level 5.0 Evocations


You couldn't memorise any spells.
You knew the following spells:

 Your Spells              Type           Power      Damage    Failure   Level
a - Freeze                Ice            100%       1d11      0%          1
b - Frozen Ramparts       Ice            100%       1d12      0%          3
c - Ozocubu's Armour      Ice            100%       N/A       0%          3
d - Hailstorm             Conj/Ice       100%       3d20      0%          4
e - Sandblast             Erth           100%       2d20      0%          1
f - Ensorcelled Hibernat  Hex/Ice        100%       N/A       0%          2
g - Teleport Other        Tloc           100%       N/A       0%          3
h - Inner Flame           Hex/Fire       100%       N/A       0%          3
i - Blade Hands           Tmut           61%        N/A       0%          5
j - Iskenderun's Battles  Conj           100%       2d15      0%          5
k - Conjure Ball Lightni  Conj/Air       61%        3x3d22    1%          6
l - Eringya's Noxious Bo  Tmut/Pois      61%        N/A       1%          6
m - Invisibility          Hex            61%        N/A       1%          6
n - Storm Form            Tmut/Air       61%        N/A       1%          7
o - Maxwell's Capacitive  Air            61%        ∞         1%          8
p - Death's Door          Necr           61%        N/A       16%         9
q - Fire Storm            Conj/Fire      61%        8d16      16%         9
Your spell library was empty.

Dungeon Overview and Level Annotations

Branches:
Dungeon (15/15)            Temple (1/1) D:5            Lair (6/6) D:10
  Swamp (4/4) Lair:4       Spider (4/4) Lair:3        Slime (0/5) Lair:5
    Orc (2/2) D:10            Elf (3/3) Orc:2        Vaults (5/5) D:13
  Crypt (0/3) Vaults:3     Depths (5/5) D:15           Hell (visited)
    Dis (0/7) Hell            Geh (0/7) Hell            Coc (0/7) Hell
    Tar (0/7) Hell            Zot (5/5) Depths:5     Bailey (visited)
  IceCv (visited)          WizLab (visited)

Altars:
Ashenzari
Cheibriados
Dithmenos
Elyvilon
Fedhas
Gozag
Hepliaklqana
Kikubaaqudgha
Makhleb
Nemelex Xobeh
Okawaru
Qazlal
Ru
Sif Muna
Trog
Uskayaw
Vehumet
Wu Jian
Yredelemnul
The Shining One
Beogh
Jiyva
Lugonu

Shops:
D:6 (=(:?   Orc:2 ?((*   Elf:1 :=:   Vaults:2 [   Vaults:4 ?   Vaults:5 ??

Portals:
Hell: Depths:1 Depths:2 Depths:3 Depths:4 Depths:5
Abyss: D:1 Zot:4 Depths:2 Depths:3 Depths:4
Pandemonium: Depths:1 Depths:3 Depths:5
Ziggurat: Depths:2

Annotations:
Lair:6 Rupert
Elf:1 Roxanne
Elf:2 3 runed translucent doors


Innate Abilities, Weirdness & Mutations

You are immune to sickness and miasma.
You are immune to poison.
Your flesh is very heat resistant. (rF++)
You are vulnerable to cold. (rC-)
You float through the air rather than walking.
You learn spells naturally, not from books.
Your magical power is your life essence.
You have superior vitality. (+4 HP)
You have a pair of small horns on your head.
A frigid envelope surrounds you and freezes all who hurt you.
You do not regenerate when monsters are visible.
Your muscles are strong. (Str +2)
You are occasionally teleported next to monsters.
Potions are less effective at restoring your health.


Message History

The blast of lightning engulfs the ball lightning.
The ball lightning completely resists.
The blast of lightning engulfs Gunnona.
Gunnona completely resists.
The blast of lightning engulfs the ball lightning.
The ball lightning completely resists.
The blast of lightning engulfs you!! You resist.
* * * LOW HITPOINT WARNING * * *
Gunnona gestures.
The ball lightning moves out of view. 2 ball lightnings come into view.
Unknown command.
You hear a clap of thunder!
A ball lightning comes into view.
The ball lightning explodes!
The blast of lightning engulfs the ball lightning.
The ball lightning completely resists.
The blast of lightning engulfs you! You resist.
* * * LOW HITPOINT WARNING * * *
The blast of lightning engulfs the ball lightning.
The ball lightning completely resists.
The blast of lightning engulfs the ball lightning.
The ball lightning completely resists.
Something moans, "Abandon hope, thou tasty repast!"
Unknown command.
Your system partially rejects the healing.
You feel much better.
As you read the scroll of holy word, it crumbles to dust.
You speak a Word of immense power!
Gunnona convulses!
You hear a clap of thunder!
The blast of lightning engulfs the ball lightning.
The ball lightning completely resists.
The blast of lightning engulfs the ball lightning.
The ball lightning completely resists.
The blast of lightning engulfs Gunnona.
Gunnona completely resists.
The blast of lightning engulfs you! You resist.
* * * LOW HITPOINT WARNING * * *
The ball lightning explodes!
The blast of lightning engulfs the ball lightning.
The ball lightning completely resists.
The blast of lightning engulfs Gunnona.
Gunnona completely resists.
The blast of lightning engulfs you!! You resist.
You die...

######.#### #.##.#.# ##..
##........# #.##.#.## ##.
#.###.##.######.......# #. #.#
#.##......#.#####.# #. ##.#
#.......#.#.# #.# ##' ##.#
#.....#.#.#.# #.# ##.. .#.#
##.#..#.#.#.# #.# ##... ...#
#....#.#.#.#####.## ##....
...####........#@.......####.....
............*.*&.....<.....'.....
...####......########...####.....
..## ##.##.## ##.## ##.... .##
####.# #.# ##... .# #.# #.# ##..
.## #*# #.# ######' ..##### #*#
###.# #...... ..[...#####*# #...#
#).....


You could see Gunnona (fast, dazed) and 2 ball lightnings.

Vanquished Creatures
  2 ancient liches
  A dread lich (Vaults:5)
  8 orbs of fire
  2 juggernauts (Depths:4)
  the Lernaean hydra (Swamp:4)
  5 Killer Klowns
  5 curse toes
  Xtahua (Depths:5)
  Geryon (Hell)
  Nikola (Depths:1)
  7 golden dragons
  A bone dragon (Depths:5)
  A Brimstone Fiend (Depths:5)
  3 electric golems
  22 Orb Guardians (Zot:5)
  4 liches
  21 tentacled monstrosities
  2 titans (Vaults:5)
  An Ice Fiend (Depths:5)
  2 deep elf master archers
  6 quicksilver dragons
  2 deep elf blademasters
  A quicksilver dragon (shapeshifter) (Depths:3)
  4 sphinxes
  An ancient champion (WizLab)
  14 storm dragons
  3 death cobs
  8 tengu reavers
  14 shadow dragons
  Kirke (Spider:4)
  15 fire giants
  4 draconian monks
  5 ghost moths
  6 deep elf sorcerers
  3 emperor scorpions
  A draconian knight (Zot:3)
  8 frost giants
  3 draconian scorchers (Zot:3)
  6 draconian shifters
  2 orc warlords
  4 draconian annihilators
  5 draconian stormcallers
  10 vault wardens
  5 spectral caustic shrikes
  3 balrugs
  An iron dragon (Depths:5)
  3 spriggan defenders
  Louise (Depths:4)
  15 ironbound preservers
  4 deep elf elementalists
  2 ghouls (Swamp:3)
  7 quicksilver oozes (Depths:1)
  7 reapers (Hell)
  18 stone giants
  6 war gargoyles
  A stone giant (shapeshifter) (Depths:3)
  3 deep elf demonologists
  Nessos (D:13)
  32 very ugly things
  17 green draconians
  9 vampire knights
  A lorocyproca (Depths:1)
  The ghost of Vaanwiku the Fighter, a journeyman GrFi of Okawaru (Depths:1)
  11 white draconians
  10 black draconians
  14 red draconians
  15 purple draconians
  6 dire elephants
  2 bunyips
  10 yellow draconians
  An entropy weaver (Vaults:2)
  4 deep elf death magi
  7 deep elf annihilators
  A minotaur (shapeshifter) (Vaults:5)
  2 spark wasps (Spider:4)
  4 blizzard demons (Depths:5)
  20 ettins
  3 jiangshi (Depths:1)
  4 eleionomae
  The ghost of Ustrum the Impaler, a journeyman TeBe of Trog (Lair:1)
  Josephine (D:13)
  12 yaktaur captains
  8 great orbs of eyes
  5 deep elf high priests
  5 rakshasas
  10 fire dragons
  2 kraken zombies (Hell)
  32 vault guards
  Erolcha (Orc:1)
  A caustic shrike simulacrum (IceCv)
  A peacekeeper (Vaults:4)
  24 hydras
  11 ice dragons
  8 spriggan air magi
  A hell beast (Hell)
  3 catoblepae
  Erica (Lair:1)
  An alligator snapping turtle (shapeshifter) (Depths:3)
  3 ogre magi
  4 boulder beetles
  6 ironbound frosthearts
  5 ghost crabs
  6 centaur warriors
  An alligator (shapeshifter) (Vaults:5)
  21 dancing weapons
  A deep troll shaman (Depths:5)
  7 two-headed ogres
  2 vampire magi
  6 orc high priests
  8 alligators
  13 death yaks
  10 tengu warriors
  9 ironbound beastmasters
  8 spriggan berserkers
  8 deep troll earth magi
  11 sun demons
  7 hell knights
  9 deep elf knights
  A titan skeleton (Hell)
  4 soul eaters
  3 shadow wraiths
  8 skeletal warriors
  An anaconda zombie (Hell)
  A quicksilver dragon simulacrum (Hell)
  8 iron trolls
  35 deep trolls
  8 goliath frogs
  A deep troll (shapeshifter) (Depths:4)
  5 spriggan druids
  5 flayed ghosts
  A gelid demonspawn (D:15)
  4 glowing orange brains
  7 swamp dragons
  4 harpies (Vaults:4)
  A shadow demon (Depths:4)
  4 obsidian statues (Depths:3)
  2 orange crystal statues
  7 bog bodies
  8 lindwurms
  6 necromancers
  8 deep elf archers
  23 ironbound convokers
  A kraken simulacrum (Hell)
  8 phantasmal warriors
  23 deep elf pyromancers
  A shadow dragon zombie (Hell)
  12 wizards
  An orb spider (shapeshifter) (D:15)
  20 orc knights
  4 wolf spiders (shapeshifter)
  7 orb spiders
  16 deep elf zephyrmancers
  3 oklob plants
  7 orc sorcerers
  21 wolf spiders
  54 ugly things
  3 manticores
  2 fire giant skeletons (Hell)
  28 moths of wrath
  6 cyclopes
  A faun (shapeshifter) (Depths:3)
  An ice statue (Hell)
  10 will-o-the-wisps
  Maurice (D:13)
  6 elephants
  17 vault sentinels
  3 centaur zombies
  2 elephants (shapeshifter) (Depths:3)
  A rust devil (Hell)
  7 smoke demons
  3 torpor snails (Lair:2)
  A naga mage (Depths:2)
  An orange demon (Zot:4)
  A gargoyle (D:13)
  3 black mambas
  9 molten gargoyles
  14 cane toads
  3 hellions (Depths:5)
  Psyche (D:8)
  5 rime drakes
  An unseen horror (D:12)
  4 freezing wraiths
  29 yaktaurs
  9 demonic crawlers
  8 komodo dragons
  3 anaconda simulacra (IceCv)
  2 sea snake zombies (Hell)
  3 tormentors
  A rime drake (shapeshifter) (D:13)
  10 ice devils
  5 tengu conjurers
  A hellwing (Depths:5)
  19 jumping spiders
  A hydra zombie (Hell)
  9 trolls
  2 red devils (Hell)
  A queen bee (Lair:1)
  5 polar bears
  A troll (shapeshifter) (Vaults:5)
  A merfolk (shapeshifter) (Depths:3)
  4 jumping spiders (shapeshifter)
  2 bloated husks
  5 wind drakes (Depths:3)
  Prince Ribbit (Lair:1)
  A hydra skeleton (Hell)
  26 hornets
  31 slime creatures
  3 raiju (Depths:3)
  15 blink frogs
  A blink frog (shapeshifter) (D:14)
  5 tyrant leeches
  10 dream sheep
  A fire dragon zombie (Hell)
  10 air elementals
  A redback (shapeshifter) (Depths:3)
  An ettin zombie (Vaults:5)
  Sigmund (D:6)
  50 redbacks
  12 wraiths
  20 spriggans
  A black mamba skeleton (Hell)
  An alligator skeleton (Hell)
  26 water elementals
  33 tarantellas
  3 shadows
  7 fire elementals
  A fire bat (shapeshifter) (Depths:3)
  2 tarantellas (shapeshifter) (Depths:3)
  6 vampires
  A dire elephant simulacrum (IceCv)
  17 fire bats
  58 yaks
  A hog (Spider:4)
  2 wyverns
  Eustachio (D:6)
  3 basilisks
  3 humans
  A neqoxec (Depths:2)
  15 vampire mosquitoes
  3 wargs
  A harpy simulacrum (IceCv)
  3 two-headed ogre zombies (WizLab)
  7 swamp worms
  A hell hound (D:9)
  A swamp worm (shapeshifter) (Depths:3)
  16 water moccasins
  Duvessa (D:5)
  A floating eye (Depths:4)
  A hydra simulacrum (IceCv)
  2 sky beasts
  An alligator simulacrum (Hell)
  46 orc warriors
  2 ettin simulacra
  8 swamp drakes
  4 ogres
  4 black bears
  A human zombie (Vaults:5)
  15 wolves
  14 centaurs
  4 kobold brigands
  Blork the orc (D:6)
  19 bullfrogs
  A bullfrog (shapeshifter) (Vaults:5)
  A gnoll sergeant (D:5)
  11 earth elementals
  2 scorpions
  Dowan (D:5)
  6 troll zombies
  6 killer bees (Lair:1)
  18 wights
  6 electric eels
  2 lava snakes (D:9)
  2 jellies (D:6)
  3 quasits (D:8)
  A bullfrog skeleton (D:5)
  A hound (D:5)
  22 orc priests
  Crazy Yiuf (D:5)
  Ijyb (D:5)
  Natasha (thrice) (D:3)
  An iguana (Lair:4)
  4 hell rats (Hell)
  16 orc wizards
  12 ogre zombies
  2 howler monkey zombies
  6 adders
  6 gnolls
  A howler monkey skeleton (D:7)
  4 white imps
  2 ufetubi (D:5)
  A worm (shapeshifter) (Vaults:5)
  84 orcs
  10 endoplasms
  2 giant cockroaches
  8 hobgoblins
  6 jackals (D:2)
  2 quokkas
  7 ball pythons
  68 bats
  2 frilled lizards (D:1)
  12 goblins
  2 goblin skeletons (D:10)
  4 goblin zombies (D:10)
  2 hobgoblin zombies (D:10)
  23 kobolds
  3 orc skeletons (D:10)
  14 orc zombies (D:10)
  4 rats
  A spectral orc (D:6)
  9 ball lightnings (Depths:3)
  3 fire vortices (D:9)
  2 lurking horrors (Zot:4)
  A tentacle (Hell)
2268 creatures vanquished.

Vanquished Creatures (collateral kills)
  A quicksilver dragon (Zot:4)
1 creature vanquished.

Vanquished Creatures (others)
  Margery (Vaults:4)
  3 Orb Guardians (Zot:5)
  A death cob (Zot:4)
  A draconian monk (Zot:4)
  A draconian knight (Zot:2)
  A fire giant (Depths:2)
  2 orc warlords
  2 frost giants (Depths:1)
  3 vault wardens (Vaults:4)
  An ironbound preserver (Vaults:2)
  2 quicksilver oozes (Depths:1)
  A very ugly thing (Vaults:2)
  A dire elephant (Vaults:2)
  A red draconian (Zot:2)
  A blizzard demon (Depths:5)
  A yellow draconian (Zot:4)
  7 hydras (Swamp:4)
  2 alligators (Swamp:4)
  A deep troll shaman (Depths:1)
  2 deep troll earth magi (Depths:4)
  7 hell knights
  A glowing orange brain (Depths:3)
  9 deep trolls
  A wizard (Vaults:4)
  A deep elf zephyrmancer (Elf:1)
  2 orc knights (Vaults:4)
  A necromancer (Depths:1)
  A deep elf pyromancer (Elf:1)
  A will-o-the-wisp (Swamp:4)
  8 ugly things
  A vault sentinel (Vaults:5)
  A hellwing (D:15)
  2 tyrant leeches
  A redback (Spider:4)
  A human (Spider:4)
  A swamp worm (Swamp:4)
  2 earth elementals (Depths:3)
  A crimson imp (D:15)
  3 orcs (Elf:2)
  73 ball lightnings
  2 bushes
  37 foxfires
  39 fungi
  102 plants
  11 tentacles (Hell)
344 creatures vanquished.

Grand Total: 2613 creatures vanquished

Notes
Turn   | Place    | Note
-------+----------+-------------------------------------------
     0 | D:1      | jt the Djinni Ice Elementalist began the quest for the Orb.
     0 | D:1      | Reached XP level 1. HP: 15/15 MP: 0/0
   227 | D:1      | Found a corrupted altar of Lugonu.
   227 | D:1      | Found a one-way gate to the infinite horrors of the Abyss.
   227 | D:1      | Noticed a demonic crawler
   227 | D:1      | Noticed a quasit
   227 | D:1      | Noticed an iron imp
   227 | D:1      | Noticed an iron imp
   227 | D:1      | Noticed a demonic crawler
   227 | D:1      | Noticed an iron imp
   227 | D:1      | Noticed an iron imp
   227 | D:1      | Noticed an iron imp
   227 | D:1      | Noticed a demonic crawler
   232 | D:1      | Noticed an iron imp
   252 | D:1      | Reached XP level 2. HP: 13/21 MP: 0/0
   562 | D:1      | Found a faded altar of an unknown god.
   728 | D:1      | Became a worshipper of Warmaster Okawaru
   728 | D:1      | Reached * piety under Okawaru
   955 | D:1      | Reached skill level 1 in Fighting
   955 | D:1      | Reached XP level 3. HP: 11/27 MP: 0/0
   955 | D:1      | Learned a level 1 spell: Sandblast
  1337 | D:2      | Found a hide-covered altar of Uskayaw.
  1799 | D:2      | Reached XP level 4. HP: 18/33 MP: 0/0
  2499 | D:3      | Reached skill level 4 in Spellcasting
  2520 | D:3      | Noticed Natasha
  2533 | D:3      | Killed Natasha
  2534 | D:3      | Reached skill level 1 in Polearms
  2534 | D:3      | Reached XP level 5. HP: 23/38 MP: 0/0
  2534 | D:3      | Learned a level 2 spell: Ensorcelled Hibernation
  2926 | D:3      | Noticed Natasha
  2957 | D:3      | Killed Natasha
  3265 | D:3      | Noticed Natasha
  3270 | D:3      | Killed Natasha
  3522 | D:4      | Identified a scroll of acquirement
  3522 | D:4      | Acquired a manual of Spellcasting
  3803 | D:4      | Reached XP level 6. HP: 44/45 MP: 0/0
  3881 | D:4      | Reached ** piety under Okawaru
  4419 | D:5      | Entered Level 5 of the Dungeon
  4648 | D:5      | Reached skill level 5 in Spellcasting
  4672 | D:5      | Reached XP level 7. HP: 49/51 MP: 0/0
  4672 | D:5      | Learned a level 3 spell: Teleport Other
  4906 | D:5      | Noticed a two-headed ogre
  4954 | D:5      | Noticed Ijyb
  5031 | D:5      | Identified the +10 short sword of the Revolution {vorpal,
                  | rF+ Int+3 Dex+4}
  5132 | D:5      | Found a glowing golden altar of the Shining One.
  5287 | D:5      | Reached skill level 6 in Spellcasting
  5374 | D:5      | Noticed Duvessa
  5379 | D:5      | Noticed Dowan
  5384 | D:5      | Killed Duvessa
  5385 | D:5      | Killed Dowan
  5559 | D:5      | Reached skill level 7 in Spellcasting
  5559 | D:5      | Reached XP level 8. HP: 25/58 MP: 0/0
  5944 | D:5      | Killed Ijyb
  5986 | D:5      | Found a bloodstained altar of Trog.
  5988 | D:5      | Found a sacrificial altar of Ru.
  6137 | D:5      | Found a staircase to the Ecumenical Temple.
  6238 | Temple   | Entered the Ecumenical Temple
  6252 | D:6      | Reached skill level 5 in Fighting
  6652 | D:5      | Reached skill level 8 in Spellcasting
  6666 | D:5      | Found a runed translucent door.
  6667 | D:5      | Noticed Crazy Yiuf
  6676 | D:5      | Killed Crazy Yiuf
  6676 | D:5      | Reached *** piety under Okawaru
  6897 | D:6      | Found a white marble altar of Elyvilon.
  6906 | D:6      | Found Neol's Jewellery Shop.
  6930 | D:6      | Noticed Blork the orc
  7206 | D:6      | Reached XP level 9. HP: 40/66 MP: 0/0
  7206 | D:6      | Learned a level 3 spell: Inner Flame
  7330 | D:6      | Reached skill level 9 in Spellcasting
  7470 | D:6      | Noticed Eustachio
  7545 | D:6      | Killed Eustachio
  7621 | D:6      | Found Efuan's Weapon Boutique.
  7625 | D:6      | Found Retourch's Weapon Shop.
  7656 | D:6      | Noticed Sigmund
  7688 | D:6      | Killed Sigmund
  7689 | D:6      | Reached skill level 10 in Spellcasting
  7949 | D:6      | Found Koineuta's Magic Scroll Shop.
  8048 | D:6      | Found Syxzoun's Book Shop.
  8092 | D:6      | Killed Blork the orc
  8194 | D:6      | Found a hazy altar of Hepliaklqana.
  8424 | D:7      | Reached **** piety under Okawaru
  8703 | D:7      | Reached skill level 11 in Spellcasting
  8734 | D:7      | Identified the +7 spear "Hydrabane" {drain, SInv}
  8762 | D:7      | Reached XP level 10. HP: 68/75 MP: 0/0
  9443 | D:8      | Reached ***** piety under Okawaru
  9498 | D:8      | Noticed Psyche
  9507 | D:8      | Killed Psyche
 10127 | D:9      | Identified the +3 trident of Imbalance {holy, *Corrode
                  | rN++}
 10671 | D:9      | Noticed a wizard
 10673 | D:9      | Killed a wizard
 10717 | D:9      | Reached skill level 12 in Spellcasting
 10717 | D:9      | Reached XP level 11. HP: 73/85 MP: 0/0
 10717 | D:9      | Learned a level 5 spell: Blade Hands
 10803 | D:10     | Entered Level 10 of the Dungeon
 10814 | D:10     | Reached skill level 10 in Fighting
 10822 | D:10     | Noticed a death yak
 10832 | D:10     | Noticed a death yak
 10833 | D:10     | Noticed a death yak
 10834 | D:10     | Noticed a death yak
 10834 | D:10     | Noticed a death yak
 10836 | D:10     | Noticed a death yak
 10843 | D:9      | Killed a death yak
 10957 | D:10     | Found an ornate altar of the Wu Jian Council.
 11175 | D:10     | Found a staircase to the Orcish Mines.
 11180 | D:10     | Reached skill level 1 in Evocations
 11268 | D:10     | Found a staircase to the Lair.
 11310 | Lair:1   | Entered Level 1 of the Lair of Beasts
 11615 | Orc:1    | Entered Level 1 of the Orcish Mines
 11615 | Orc:1    | Noticed Erolcha
 11619 | Orc:1    | Killed Erolcha
 11619 | Orc:1    | Reached ****** piety under Okawaru
 11620 | Orc:1    | Reached skill level 1 in Armour
 11739 | Orc:1    | Found a flagged portal.
 11761 | Bailey   | Entered a bailey
 12300 | Bailey   | Identified the +5 glaive of Exceptional Prudence {venom,
                  | Int+3}
 12304 | Bailey   | Noticed an orc knight
 12306 | Bailey   | Reached skill level 1 in Short Blades
 12307 | Bailey   | Killed an orc knight
 12624 | Orc:1    | Noticed a wolf spider
 12673 | Orc:2    | Entered Level 2 of the Orcish Mines
 12678 | Orc:2    | Reached XP level 12. HP: 86/94 MP: 0/0
 12706 | Orc:2    | Found a staircase to the Elven Halls.
 12780 | Orc:2    | Received a gift from Okawaru
 12847 | Orc:2    | Noticed an orc warlord
 13105 | Lair:1   | Noticed Prince Ribbit
 13110 | Lair:1   | Killed Prince Ribbit
 13140 | Lair:1   | Reached skill level 5 in Evocations
 13203 | Lair:1   | Reached skill level 13 in Spellcasting
 13269 | Lair:1   | Received a gift from Okawaru
 13332 | Lair:1   | Found a transporter.
 13333 | Lair:1   | Noticed Ustrum's ghost (journeyman TeBe)
 13334 | Lair:1   | Found a transporter.
 13336 | Lair:1   | Noticed Erica
 13376 | Lair:1   | Killed Erica
 13484 | D:10     | Killed a death yak
 13552 | D:9      | Killed a death yak
 13748 | D:10     | Found the +8 orange crystal plate armour {Archmagi, Int+3
                  | Clar}
 13955 | D:10     | Killed a death yak
 13956 | D:10     | Reached XP level 13. HP: 101/102 MP: 0/0
 13956 | D:10     | Learned a level 5 spell: Iskenderun's Battlesphere
 14170 | D:10     | Found a hide-covered altar of Uskayaw.
 14942 | Lair:1   | Received a gift from Okawaru
 15275 | Lair:2   | Reached skill level 1 in Shields
 15322 | Lair:2   | Noticed an eight-headed hydra
 15324 | Lair:2   | Noticed a seven-headed hydra
 15332 | Lair:2   | Killed an eight-headed hydra
 15833 | Lair:2   | Reached skill level 14 in Spellcasting
 16057 | Lair:2   | Identified the +2 robe of Zecziz Decu {Int+3}
 16373 | Lair:2   | Killed a seven-headed hydra
 16612 | Lair:3   | Identified the +1 buckler "Texzaow" {+Blink rPois Regen+
                  | Stlth-} (Okawaru gifted it to you on level 3 of the Lair of
                  | Beasts)
 16612 | Lair:3   | Received a gift from Okawaru
 16671 | Lair:3   | Reached XP level 14. HP: 110/112 MP: 0/0
 16827 | Lair:3   | Found a hole to the Spider Nest.
 17743 | Lair:4   | Found an ornate altar of the Wu Jian Council.
 18235 | Lair:4   | Found a staircase to the Swamp.
 18511 | Lair:5   | Reached skill level 15 in Fighting
 18522 | Lair:5   | Received a gift from Okawaru
 19204 | Lair:6   | Entered Level 6 of the Lair of Beasts
 19204 | Lair:6   | Noticed Rupert
 19285 | Lair:6   | Reached skill level 15 in Spellcasting
 19483 | Lair:6   | Reached XP level 15. HP: 92/120 MP: 0/0
 19483 | Lair:6   | Learned a level 6 spell: Conjure Ball Lightning
 19741 | D:6      | Bought the ring of Fupoe {rElec rC+ EV+4 Str+9 Stlth-} for
                  | 894 gold pieces
 20029 | Lair:6   | Reached skill level 1 in Invocations
 20078 | Lair:6   | Paralysed by Rupert for 3 turns
 20178 | Lair:5   | Found a staircase to the Slime Pits.
 20437 | Orc:2    | Killed an orc warlord
 20437 | Orc:2    | Received a gift from Okawaru
 20819 | Orc:2    | Received a gift from Okawaru
 20959 | Orc:2    | Found Viowah's Magic Scroll Emporium.
 20959 | Orc:2    | Found Xuumutro's Antique Weapon Shop.
 20961 | Orc:2    | Found Astreil's Assorted Antiques.
 20961 | Orc:2    | Found Ywkepoh's Antique Weapon Emporium.
 20979 | Orc:2    | Bought a scroll of blinking for 120 gold pieces
 21083 | Orc:2    | Bought a faintly glowing ring mail for 252 gold pieces
 21083 | Orc:2    | Identified the +2 ring mail "Ygaulil" {rPois rN+ Str+3
                  | Int+3 Stlth+} (You bought it in a shop on level 2 of the
                  | Orcish Mines)
 21087 | Orc:2    | Bought a fine rapier for 279 gold pieces
 21087 | Orc:2    | Identified the +7 rapier "Seunn" {vorpal, rElec Int+3
                  | Dex-2} (You bought it in a shop on level 2 of the Orcish
                  | Mines)
 21238 | Spider:1 | Entered Level 1 of the Spider Nest
 21272 | Spider:1 | Reached skill level 5 in Armour
 21617 | Spider:1 | You are sucked into a shaft and drop 1 floor!
 21655 | Spider:2 | Noticed an emperor scorpion
 21951 | Spider:3 | Reached skill level 5 in Invocations
 21983 | Spider:3 | Received a gift from Okawaru
 21984 | Spider:3 | Found the +7 Spriggan's Knife {stab, EV+4 Stlth+}
 22038 | Spider:3 | Reached XP level 16. HP: 107/128 MP: 0/0
 22729 | Spider:4 | Entered Level 4 of the Spider Nest
 23183 | Spider:4 | Received a gift from Okawaru
 23641 | Spider:4 | Reached skill level 16 in Spellcasting
 23871 | Spider:4 | Noticed Kirke
 23877 | Spider:4 | Killed Kirke
 23941 | Spider:4 | Got a gossamer rune of Zot
 24322 | D:11     | Reached XP level 17. HP: 133/137 MP: 0/0
 24322 | D:11     | Learned a level 6 spell: Eringya's Noxious Bog
 24547 | D:11     | Received a gift from Okawaru
 26365 | D:13     | You are sucked into a shaft and drop 1 floor!
 26741 | D:13     | Noticed Maurice
 26748 | D:13     | Killed Maurice
 27253 | D:13     | Found a gate to the Vaults.
 27322 | D:13     | Found a runed translucent door.
 27322 | D:13     | Noticed Nessos
 27326 | D:13     | Killed Nessos
 27335 | D:13     | Found a broken altar of Ashenzari.
 27352 | D:13     | Found a blossoming altar of Fedhas.
 27371 | D:13     | Noticed Josephine
 27375 | D:13     | Killed Josephine
 27394 | D:13     | Found a burning altar of Makhleb.
 27440 | D:13     | Found a shadowy altar of Dithmenos.
 27473 | D:13     | Found a sacrificial altar of Ru.
 27489 | D:13     | Found a glowing golden altar of the Shining One.
 27516 | D:13     | Received a gift from Okawaru
 27635 | Vaults:1 | Entered Level 1 of the Vaults
 27974 | Vaults:1 | Reached skill level 17 in Spellcasting
 27999 | Vaults:1 | Received a gift from Okawaru
 28132 | Vaults:1 | Reached XP level 18. HP: 108/146 MP: 0/0
 28384 | Lair:1   | Killed Ustrum's ghost
 28515 | Swamp:1  | Entered Level 1 of the Swamp
 28710 | Swamp:1  | Received a gift from Okawaru
 29461 | Swamp:1  | Identified the +4 short sword of Premature Burial {freeze,
                  | Dex+2} (Okawaru gifted it to you on level 1 of the Swamp)
 29461 | Swamp:1  | Received a gift from Okawaru
 30299 | Swamp:3  | Received a gift from Okawaru
 30444 | Swamp:3  | Reached XP level 19. HP: 147/155 MP: 0/0
 30444 | Swamp:3  | Learned a level 6 spell: Invisibility
 30530 | Swamp:3  | Noticed a tentacled monstrosity
 30545 | Swamp:3  | Killed a tentacled monstrosity
 30612 | Swamp:3  | Identified the -2 buckler of Patterns {+Inv Str+2} (Okawaru
                  | gifted it to you on level 3 of the Swamp)
 30612 | Swamp:3  | Received a gift from Okawaru
 30613 | Swamp:3  | Reached skill level 18 in Spellcasting
 30933 | Swamp:4  | Entered Level 4 of the Swamp
 31797 | Swamp:4  | Noticed the 27-headed Lernaean hydra
 31809 | Swamp:4  | Killed the 27-headed Lernaean hydra
 31905 | Swamp:4  | Got a decaying rune of Zot
 33177 | Vaults:1 | Received a gift from Okawaru
 34350 | Vaults:2 | Reached XP level 20. HP: 155/164 MP: 0/0
 34634 | Vaults:2 | Found Malun's Armour Emporium.
 35570 | Elf:1    | Entered Level 1 of the Elven Halls
 35581 | Elf:1    | Identified the ring "Hiewic" {rF+ SInv}
 35782 | Elf:1    | Identified the +12 crystal plate armour of Filaq {rN+ Dex+3
                  | Stlth+} (Okawaru gifted it to you on level 1 of the Elven
                  | Halls)
 35782 | Elf:1    | Received a gift from Okawaru
 35979 | Elf:1    | Noticed Roxanne
 36353 | Elf:1    | Found a portal to a secret trove of treasure.
 36372 | Elf:1    | Found Roges's Book Shop.
 36372 | Elf:1    | Found Xuitos's Jewellery Shoppe.
 36373 | Elf:1    | Found Jitulick's Book Shop.
 36941 | Elf:2    | Paralysed by an air elemental for 1 turns
 37283 | Elf:2    | Reached skill level 19 in Spellcasting
 37343 | Elf:2    | Paralysed by an air elemental for 1 turns
 37445 | Elf:2    | Found a runed translucent gate.
 37446 | Elf:2    | Found a runed translucent gate.
 37446 | Elf:2    | Found a runed translucent gate.
 37666 | Elf:3    | Entered Level 3 of the Elven Halls
 38519 | Elf:3    | Reached skill level 1 in Maces & Flails
 38525 | Elf:3    | Paralysed by an air elemental for 1 turns
 38531 | Elf:2    | Paralysed by an air elemental for 1 turns
 38892 | Elf:2    | Paralysed by an air elemental for 1 turns
 39383 | Elf:3    | Received a gift from Okawaru
 39385 | Elf:3    | Reached XP level 21. HP: 143/172 MP: 0/0
 39385 | Elf:3    | Learned a level 7 spell: Storm Form
 39737 | Elf:3    | Identified the +7 falchion "Ucih Ceu" {elec, Int+4}
 39783 | Elf:3    | Identified the +5 morningstar of Honour {protect, rC++}
 41265 | Elf:3    | Identified the +2 spear of Bright True Grit {freeze, rPois
                  | rCorr}
 41266 | Elf:3    | Identified the +3 chain mail of Understanding {Will+ Int+4}
 41270 | Elf:3    | Identified the +4 pair of boots "Qutitig" {rPois rN+}
 41276 | Elf:3    | Identified the +2 dagger of the Median {drain, rElec rCorr}
 41310 | Elf:3    | Identified the +1 scale mail of Hedging {Int+4}
 41858 | Vaults:3 | Identified the +4 scale mail of Untold Secrets {MP+9 Dex+3}
                  | (Okawaru gifted it to you on level 3 of the Vaults)
 41858 | Vaults:3 | Received a gift from Okawaru
 42414 | Vaults:3 | You are sucked into a shaft and drop 1 floor!
 42474 | Vaults:4 | Reached skill level 5 in Maces & Flails
 42509 | Vaults:4 | Found Ikush's Magic Scroll Shop.
 42537 | Vaults:4 | Bought a scroll of blinking for 157 gold pieces
 42823 | Vaults:3 | Found a staircase to the Crypt.
 42823 | Vaults:3 | Found a basalt altar of Yredelemnul.
 43403 | Vaults:4 | Reached XP level 22. HP: 161/180 MP: 0/0
 43403 | Vaults:4 | Noticed Margery
 43414 | Vaults:4 | Killed Margery
 43642 | Vaults:4 | Received a gift from Okawaru
 43787 | Vaults:4 | Reached skill level 10 in Armour
 44753 | D:14     | Found a bloodstained altar of Trog.
 45000 | D:14     | Identified the -3 cloak "Wiaj Roi" {rF+} (Okawaru gifted it
                  | to you on level 14 of the Dungeon)
 45000 | D:14     | Received a gift from Okawaru
 45313 | D:14     | Identified the +9 trident of the Extremes {protect, rPois
                  | rC+}
 45330 | D:15     | Entered Level 15 of the Dungeon
 45367 | D:15     | Found a frozen archway.
 45378 | IceCv    | Entered an ice cave
 45407 | IceCv    | Found a transporter.
 45417 | IceCv    | Found a transporter.
 45423 | IceCv    | Identified the +13 plate armour "Korghym" {rPois MP+9
                  | Str-3}
 45678 | D:15     | Found a snail-covered altar of Cheibriados.
 46310 | D:15     | Found a staircase to the Depths.
 46687 | Elf:1    | You paid a toll of 5 potions of resistance to enter a
                  | treasure trove
 46688 | Trove    | Entered a treasure trove
 46695 | Trove    | Identified the ring "Demudgh" {rElec rCorr Slay+3}
 46700 | Trove    | Identified the +1 cloak of Too Many Cooks {rPois}
 46975 | Depths:1 | Entered Level 1 of the Depths
 47160 | Depths:1 | Found an opulent altar of Gozag.
 47379 | Depths:1 | Reached XP level 23. HP: 171/187 MP: 0/0
 47379 | Depths:1 | Learned a level 8 spell: Maxwell's Capacitive Coupling
 47409 | Depths:1 | Found a runed translucent gate.
 47412 | Depths:1 | Found a runed translucent gate.
 47413 | Depths:1 | Found a runed translucent gate.
 47416 | Depths:1 | Found a viscous altar of Jiyva.
 47416 | Depths:1 | Noticed Vaanwiku's ghost (journeyman GrFi)
 47612 | Depths:1 | Found a one-way gate leading to the halls of Pandemonium.
 47758 | Depths:1 | Noticed Nikola
 47771 | Depths:1 | Killed Nikola
 47771 | Depths:1 | Received a gift from Okawaru
 48050 | Depths:1 | Reached skill level 20 in Spellcasting
 48220 | Depths:1 | Found a gateway to Hell.
 48377 | Depths:1 | Killed Vaanwiku's ghost
 48424 | Depths:1 | Identified the ring of the Present {Contam Will+ Int+6
                  | Stlth+}
 48539 | Depths:2 | Found a magical portal.
 48546 | WizLab   | Entered Zonguldrok's Shrine
 48745 | WizLab   | Identified the +1 ring mail of Pesig {Drain rPois Will-
                  | Dex+4 SInv} (Okawaru gifted it to you in a wizard's
                  | laboratory)
 48745 | WizLab   | Received a gift from Okawaru
 48835 | WizLab   | Noticed an antique lich
 48850 | WizLab   | Killed an antique lich
 48852 | WizLab   | Found the +9 sword of Zonguldrok {reap}
 49028 | Depths:2 | Found a gateway to a ziggurat.
 50237 | Depths:2 | Identified the +1 plate armour of jt's Eternal Vigilance
                  | {Drain rN+ rCorr} (Okawaru gifted it to you on level 2 of
                  | the Depths)
 50237 | Depths:2 | Received a gift from Okawaru
 50347 | Depths:2 | Reached XP level 24. HP: 173/196 MP: 0/0
 50368 | Depths:2 | Identified the +9 dagger of the Muttering Puffin {speed,
                  | Contam rPois Dex+4 Stlth+}
 50688 | Depths:2 | Identified the +0 robe of Plog {+Blink rF+ Str+6 Int-4}
 50689 | Depths:2 | Identified the +0 hat "Zigecott" {Harm Dex+6}
 50803 | Depths:2 | Identified the +1 robe of Plasticity {rCorr}
 51118 | Depths:3 | Found the +10 tower shield of Ignorance {rN+ Int-4}
 51859 | Depths:3 | Paralysed by an air elemental for 1 turns
 52049 | Depths:3 | Identified the +6 scythe of the Unkillable {pain, *Slow
                  | Int+9}
 52124 | Depths:3 | Identified the +8 halberd "Otenul" {drain, rC+ Str+2 Dex+5}
 52212 | Depths:3 | Identified the +3 arbalest "Jiblupeny" {vorpal, SInv}
 52328 | Depths:3 | Identified the +4 ring mail of Haunted Surprise {Harm rF-
                  | rN+++ Dex+3}
 52603 | Depths:4 | Received a gift from Okawaru
 52915 | Depths:4 | Noticed Louise
 52920 | Depths:4 | Killed Louise
 52927 | Depths:4 | Reached skill level 21 in Spellcasting
 53185 | Depths:4 | Noticed a juggernaut
 53186 | Depths:4 | Noticed a juggernaut
 53221 | Depths:4 | Killed a juggernaut
 53789 | Depths:4 | Identified the +1 ring mail "Zoaree" {+Blink Regen+ MP-9
                  | Dex-5} (Okawaru gifted it to you on level 4 of the Depths)
 53789 | Depths:4 | Received a gift from Okawaru
 53847 | Depths:4 | Reached XP level 25. HP: 197/203 MP: 0/0
 53847 | Depths:4 | Learned a level 9 spell: Death's Door
 53874 | Depths:4 | Noticed a juggernaut
 53896 | Depths:4 | Killed a juggernaut
 53965 | Depths:4 | Reached XP level 26. HP: 211/211 MP: 0/0
 53971 | Depths:4 | Identified the +0 leather armour of Eqimp {Dex+6}
 54668 | Depths:5 | Entered Level 5 of the Depths
 54687 | Depths:5 | Reached skill level 5 in Dodging
 55260 | Depths:5 | Received a gift from Okawaru
 55795 | Depths:5 | Identified the ring of the Forgotten Souls {Fly Int+2
                  | Dex+4}
 55796 | Depths:5 | Identified the +5 flail of Eternal Harmony {speed, rPois
                  | rF++}
 55967 | Depths:5 | Acquired 705 gold pieces
 56022 | Depths:5 | Reached skill level 15 in Armour
 56052 | Depths:5 | Found a gate to the Realm of Zot.
 56059 | Depths:5 | Reached skill level 22 in Spellcasting
 56208 | Depths:5 | Received a gift from Okawaru
 56341 | Depths:5 | Reached XP level 27. HP: 218/218 MP: 0/0
 56341 | Depths:5 | Learned a level 9 spell: Fire Storm
 56559 | Depths:5 | Noticed Xtahua
 56567 | Depths:5 | Killed Xtahua
 56745 | Hell     | Entered the Vestibule of Hell
 57054 | Hell     | Found a gateway to the decaying netherworld of Tartarus.
 57917 | Hell     | Noticed Geryon
 57949 | Hell     | Killed Geryon
 58128 | Hell     | Found a gateway to the Iron City of Dis.
 58297 | Hell     | Found a gateway to the ashen valley of Gehenna.
 58439 | Hell     | Found a gateway to the freezing wastes of Cocytus.
 58898 | Orc:2    | Bought a potion of curing for 84 gold pieces
 58901 | Orc:2    | Bought a scroll of fog for 32 gold pieces
 58901 | Orc:2    | Bought a scroll of holy word for 120 gold pieces
 59038 | D:6      | Bought a scroll of enchant armour for 90 gold pieces
 59038 | D:6      | Bought a scroll of blinking for 90 gold pieces
 59038 | D:6      | Bought a scroll of magic mapping for 42 gold pieces
 59366 | Vaults:5 | Entered Level 5 of the Vaults
 59369 | Vaults:5 | Noticed a dread lich
 59475 | Vaults:5 | Received a gift from Okawaru
 59718 | Vaults:5 | Killed a dread lich
 60054 | Vaults:5 | Reached skill level 23 in Spellcasting
 60216 | Vaults:5 | Noticed an ancient lich
 60224 | Vaults:5 | Received a gift from Okawaru
 60436 | Vaults:5 | Identified the ring "Ahoevynn" {Fire rCorr}
 60572 | Vaults:5 | Received a gift from Okawaru
 61237 | Vaults:5 | Got a silver rune of Zot
 61633 | Vaults:5 | Found Nekuf's Magic Scroll Shoppe.
 61661 | Vaults:5 | Found Yciuthyu's Magic Scroll Shop.
 61665 | Vaults:5 | Bought a scroll of acquirement for 884 gold pieces
 61666 | Vaults:5 | Acquired the +0 pair of gloves of Guidicw {rElec Str+10
                  | Dex-5}
 61681 | Vaults:5 | Bought a scroll of magic mapping for 59 gold pieces
 61681 | Vaults:5 | Bought a scroll of enchant armour for 127 gold pieces
 61802 | Vaults:5 | Identified the +3 flail of Prudence {vorpal, rF+ rC+
                  | Stlth-}
 61819 | Vaults:5 | Killed an ancient lich
 61987 | Vaults:5 | Found the +6 shillelagh "Devastator" {shatter}
 62009 | Vaults:5 | Identified the +5 morningstar "Guiddeuh" {vorpal, rElec
                  | Will- Int+4}
 62214 | Vaults:5 | Identified the +1 hand axe of Ceeppoc {protect, *Slow rElec
                  | Will+ Str+7}
 62606 | Zot:1    | Entered Level 1 of the Realm of Zot
 63743 | Zot:2    | Received a gift from Okawaru
 64031 | Zot:2    | Received a gift from Okawaru
 64107 | Zot:2    | Reached skill level 24 in Spellcasting
 65382 | Zot:3    | Noticed a Killer Klown
 65547 | Zot:3    | Killed a Killer Klown
 66586 | Zot:2    | Identified the +1 helmet of Okawaru's Grace {rElec rCorr
                  | Str-5 Int-3} (Okawaru gifted it to you on level 2 of the
                  | Realm of Zot)
 66586 | Zot:2    | Received a gift from Okawaru
 67275 | Zot:3    | Reached skill level 25 in Spellcasting
 68302 | Zot:4    | Found a corrupted altar of Lugonu.
 68454 | Zot:5    | Entered Level 5 of the Realm of Zot
 69518 | Zot:5    | Noticed an orb of fire
 69518 | Zot:5    | Noticed an orb of fire
 69524 | Zot:5    | Killed an orb of fire
 69524 | Zot:5    | Identified the +0 buckler "Miop Ergh" {Dex+7} (Okawaru
                  | gifted it to you on level 5 of the Realm of Zot)
 69524 | Zot:5    | Received a gift from Okawaru
 69525 | Zot:5    | Noticed an orb of fire
 69527 | Zot:5    | Noticed a Killer Klown
 69528 | Zot:5    | Killed an orb of fire
 69531 | Zot:5    | Noticed an orb of fire
 69540 | Zot:5    | Gained mutation: You are dopey. (Int -2) [an orb of fire]
 69621 | Zot:5    | Killed an orb of fire
 69627 | Zot:4    | Killed an orb of fire
 69645 | Zot:5    | Killed a Killer Klown
 69686 | Zot:5    | Noticed an orb of fire
 69689 | Zot:5    | Noticed an orb of fire
 69700 | Zot:5    | Gained mutation: You are occasionally teleported next to
                  | monsters. [an orb of fire]
 69703 | Zot:5    | Killed an orb of fire
 69707 | Zot:5    | Killed an orb of fire
 70232 | D:12     | Lost mutation: You are occasionally teleported next to
                  | monsters. [potion of mutation]
 70232 | D:12     | Lost mutation: You are dopey. (Int -2) [potion of mutation]
 70232 | D:12     | Gained mutation: A frigid envelope surrounds you and
                  | freezes all who hurt you. [potion of mutation]
 70232 | D:12     | Gained mutation: You have a pair of small horns on your
                  | head. [potion of mutation]
 70232 | D:12     | Gained mutation: Your muscles are strong. (Str +2) [potion
                  | of mutation]
 70576 | Zot:5    | Noticed a Killer Klown
 70594 | Zot:5    | Noticed a Killer Klown
 70613 | Zot:5    | Killed a Killer Klown
 70749 | Zot:5    | Noticed a Killer Klown
 70752 | Zot:5    | Noticed an orb of fire
 70753 | Zot:5    | Gained mutation: You do not regenerate when monsters are
                  | visible. [an orb of fire]
 70756 | Zot:5    | Gained mutation: You are occasionally teleported next to
                  | monsters. [an orb of fire]
 70761 | Zot:5    | Noticed a Killer Klown
 70763 | Zot:5    | Killed an orb of fire
 70764 | Zot:5    | Reached skill level 26 in Spellcasting
 70815 | Zot:5    | Received a gift from Okawaru
 70827 | Zot:5    | Noticed an orb of fire
 70833 | Zot:5    | Killed an orb of fire
 71142 | Zot:5    | Killed a Killer Klown
 71367 | Zot:5    | Got the Orb of Zot
 71387 | Zot:5    | Killed a Killer Klown
 71665 | Depths:2 | Gained mutation: Potions are less effective at restoring
                  | your health. [a neqoxec]
 71796 | D:15     | Noticed Gunnona the pandemonium lord
 71814 | D:15     | Killed by an exploding ball lightning

Illustrated notes

Levels and vault maps discovered:
D:1:      erik_arrival_cave_to_civilisation [erik_arrival_cave_to_temple],
          layout_rooms, shapermc_ecumenical_altar_flowoftime
D:2:      layout_basic, basic_altar
D:3:      layout_loops_ring, uniq_natasha
D:4:      layout_basic
D:5:      layout_basic, overflow_temple_1_default, minitemple,
          minmay_temple_entry_junction, minmay_misc_feat_five,
          kb_lookout_dungeons_type, uniq_duvessa, uniq_crazy_yiuf_cottage,
          uniq_ijyb
D:6:      layout_rooms, nicolae_hepliaklqana_monster_ancestors,
          elyvilon_altar_5, serial_shops, nicolae_shop_window_shopping,
          nicolae_shop_behind_doors, shop, nicolae_shop_trees, shop,
          minmay_manual_mail, uniq_blork_the_orc, uniq_sigmund, uniq_eustachio
D:7:      layout_basic
D:8:      cheibrodos_quashed, layout_rooms, uniq_psyche
D:9:      minmay_goldmine, layout_loops_cross, kennysheep_nub, glass_columns_a,
          hangedman_incinerator
D:10:     layout_gridville, lemuel_round_altar, mainiacjoe_overflow_alcove_1,
          nicolae_uskayaw_dance_studio, dpeg_lair_monsters, zombieorc2_lemuel,
          bh_walls_and_bars
D:11:     layout_basic
D:12:     layout_loops_corners, serial_co_window_serial, co_window_paths_b,
          co_window_of_opportunity_a, co_window_of_opportunity_a,
          co_window_paths_b, co_window_paths_a, co_window_of_opportunity_c,
          co_window_corner_ca, co_window_unsneaky_path_d, co_window_corner_ca,
          co_window_paths_c, co_window_corner_ca, co_window_of_opportunity_b,
          co_window_sun
D:13:     due_megacathedral, layout_loops_ring, grunt_vaults_entry_fortified,
          uniq_josephine, uniq_maurice, uniq_nessos
D:14:     layout_big_octagon, bloody_trog
D:15:     grunt_enter_depths_snipers, layout_loops_corners, cheibriados_altar_1,
          portal_ice_cave_entry_pillars_three, minmay_between
Temple:   eino_narrow_crystal_temple
Lair:1:   layout_loops_ring, gammafunk_ghost_hive, st_stairs_9,
          grunt_megastairs_3, infiniplex_staircase_pool_2, uniq_prince_ribbit2,
          uniq_erica
Lair:2:   nzn_winding_woodlands_large [nzn_winding_woodlands_5x5_closed_star,
          nzn_winding_woodlands_5x15_pockets,
          nzn_winding_woodlands_5x5_checkerboard,
          nzn_winding_woodlands_center_pierced_h,
          nzn_winding_woodlands_15x15_five_gardens,
          nzn_winding_woodlands_center_garden, nzn_winding_woodlands_hourglass,
          nzn_winding_woodlands_5x15_twine, nzn_winding_woodlands_5x5_three],
          layout_regular_city
Lair:3:   layout_loops_ring, nicolae_spider_entry_orb_guardian, st_stairs_7
Lair:4:   layout_regular_city, palyth_hydra_swamp_entry, basic_altar,
          grunt_megastairs_4
Lair:5:   layout_regular_city, minmay_slime_entry_oklob_enclosed
Lair:6:   grunt_lair_end_beastmaster, layout_regular_city, uniq_rupert,
          uniq_urug
Swamp:1:  nicolae_swamp_secret_spriggan_hideout, layout_basic_swamp,
          hangedman_swamp_ruin_wall
Swamp:2:  layout_falls_marsh, nicolae_swamp_bean_lake,
          nicolae_swamp_wisp_ring_woods
Swamp:3:  layout_basic_swamp, evilmike_swamp_ruin_house_1
Swamp:4:  swamp_basic_johnstein, layout_basic_swamp
Spider:1: layout_spider_delve
Spider:2: layout_spider_delve
Spider:3: layout_spider_delve, hangedman_spider_tarantella_strand
Spider:4: spider_rune_water, guppyfry_hornet_nest, uniq_kirke
Orc:1:    nicolae_orc_accident_3, layout_diamond_mine, basic_altar,
          enter_bailey_3, uniq_erolcha
Orc:2:    grunt_orc_tribal_feast, layout_caves, mines3_lemuel
Elf:1:    minmay_elf_arrival_plus, layout_rooms, nicolae_trove_entry_columns,
          orc_legates, minmay_shop_grove, uniq_roxanne
Elf:2:    nicolae_elf_blades_crystal_corner, layout_loops_corners, minivault_5,
          drop_trap, eino_tiny_chamber, minivault_27, minmay_fountain_box
Elf:3:    grunt_elf_hall_diamonds, layout_loops_corners, special_room
          [special_room_orc]
Vaults:1: v_misc_9, v_rooms_2, vaults_dpeg_hooks,
          nicolae_vaults_stairing_the_circle, nicolae_vaults_hallways_thing,
          nicolae_vaults_angled_halls, v_misc_25,
          nicolae_vaults_mini_display_case, nicolae_vaults_little_ls,
          nicolae_vaults_ring_of_whatevers, layout_vaults_ring
Vaults:2: v_misc_23, ontoclasm_vaults_gallery, v_rooms_4,
          nicolae_vaults_circle_grid_b, vaults_room_octagon, vaults_dpeg_spiral,
          hangedman_vaults_stretched_pinwheel, v_misc_19, v_misc_11,
          vaults_dpeg_diagonal, nicolae_vaults_angled_halls, v_alt_pattern_2,
          grunt_vaults_hallway_long, v_alt_pattern_4, layout_vaults_maze_bifur,
          serial_shops, shop
Vaults:3: ontoclasm_vaults_ring_large, grunt_vaults_focal, v_misc_22,
          vaults_room_octagon, nicolae_vaults_rhombus_5, hangedman_vaults_pinch,
          vaults_room_grunt_arrival_ludios, minmay_crypt_entry_necro_gods,
          layout_vaults_quadrants
Vaults:4: ontoclasm_vaults_shuriken, nicolae_vaults_border_crossing,
          hangedman_vaults_stretched_pinwheel, hangedman_vaults_cutoff,
          nicolae_vaults_little_squares_4, v_pattern_2, layout_vaults_big_room,
          serial_shops, shop_statue, uniq_margery
Vaults:5
Depths:1: layout_gridville, lightli_too_deep, gammafunk_ghost_ooze,
          grunt_pan_entry_in_and_out, grunt_gozag_breadcrumbs,
          serial_bayou_shore_a, uniq_nikola
Depths:2: minmay_the_grid_four_pointed_star [minmay_the_grid_triangle_9x9_cache,
          minmay_the_grid_triangle_9x9_semitri,
          minmay_the_grid_triangle_9x9_skeleton,
          minmay_the_grid_triangle_9x9_pentomino_pain,
          minmay_the_grid_prize_diamond_cup], layout_gridlike, enter_ziggurat_f,
          abyss_entry_small_statue_room, mu_enter_wizlab_7,
          hangedman_coc_ice_floe, grunt_tower_of_power,
          infiniplex_staircase_star
Depths:3: radiant_caverns_a_rkd, serial_shops, abyss_entry, hell_entry,
          pan_entry
Depths:4: angbandy_vault, layout_basic, nicolae_abyss_entry_one_way_or_another,
          minmay_misc_feat_nine_boxes, hell_entry
Depths:5: grunt_crosshair, layout_long_grid, pf_hell_entry_tar_river, hex_tiny,
          pan_entry, grunt_ministairs_6, minmay_fire_ice_demons, uniq_xtahua
Hell
Zot:1:    layout_cathedral_of_symmetry
Zot:2:    layout_gridlike
Zot:3:    layout_onion_interference, zot_minivault_1
Zot:4:    layout_misc_corridors, amcnicky_altar_lugonu_corruption
Zot:5:    layout_basic

Skill      XL: |  1  2  3  4  5  6  7  8  9 10 11 12 13 14 15 16 17 18 19 20 21 22 23 24 25 26 27 |
---------------+----------------------------------------------------------------------------------+-----
Fighting       | 1 2 3 4 5 7 9 11 12 14 15 16 17 18 19 20 21 22 23 24 | 24.0
Spellcasting   | 4 5 7 8 11 12 13 14 15 16 17 18 19 20 21 22 26 | 26.3
Polearms       | 1 2 |  2.0
Evocations     | 3 5 |  5.0
Armour         | 2 5 7 9 11 12 14 15 20 | 20.9
Short Blades   | 1 2 3 4 |  4.8
Shields        | 4 |  4.0
Invocations    | 5 |  5.0
Maces & Flails | 2 5 7 |  7.0
Dodging        | 3 5 |  5.0
Stealth        | |  1.5

Action                   |  1- 3 |  4- 6 |  7- 9 | 10-12 | 13-15 | 16-18 | 19-21 | 22-24 | 25-27 || total
-------------------------+-------+-------+-------+-------+-------+-------+-------+-------+-------++-------
Melee: Trident           |    84 |    92 |    13 |       |       |       |       |       |   177 ||   366
       Unarmed           |     1 |       |       |       |       |       |       |       |     1 ||     2
       Short sword       |       |       |    65 |   224 |   347 |   333 |   312 |       |       ||  1281
       Spear             |       |       |       |    11 |       |    39 |       |    29 |    72 ||   151
       Demon whip        |       |       |       |       |       |       |   381 |  1108 |  2481 ||  3970
       Knife             |       |       |       |       |       |       |     9 |     4 |     1 ||    14
       Morningstar       |       |       |       |       |       |       |       |    19 |       ||    19
       Headbutt          |       |       |       |       |       |       |       |       |    52 ||    52
 Fire: Fustibalus        |       |       |       |     2 |       |       |       |       |       ||     2
Throw: Dart              |       |       |    26 |    55 |    77 |    22 |       |     7 |     3 ||   190
       Stone             |       |       |    19 |       |       |       |       |       |       ||    19
       Boomerang         |       |       |       |       |     1 |    10 |     6 |       |       ||    17
 Cast: Freeze            |    25 |    31 |    15 |     4 |    31 |    15 |       |       |     3 ||   124
       Ozocubu's Armour  |       |     2 |     6 |    36 |    54 |    49 |    30 |     6 |     1 ||   184
       Frozen Ramparts   |       |     3 |    19 |    45 |    82 |    73 |     3 |    51 |    50 ||   326
       Hailstorm         |       |     2 |    31 |    83 |   195 |   306 |   411 |   413 |   471 ||  1912
       Ensorcelled Hiber |       |     1 |     3 |     2 |     4 |     2 |       |       |       ||    12
       Teleport Other    |       |       |     2 |     2 |       |       |       |       |     1 ||     5
       Sandblast         |       |       |       |     3 |       |       |       |       |       ||     3
       Inner Flame       |       |       |       |     2 |       |       |       |       |       ||     2
       Iskenderun's Batt |       |       |       |       |    35 |    33 |    69 |    46 |    45 ||   228
       Conjure Ball Ligh |       |       |       |       |     7 |     5 |    16 |     1 |     2 ||    31
       Eringya's Noxious |       |       |       |       |       |     6 |    49 |    29 |     8 ||    92
       Invisibility      |       |       |       |       |       |       |     5 |     1 |     1 ||     7
       Maxwell's Capacit |       |       |       |       |       |       |       |       |    69 ||    69
       Death's Door      |       |       |       |       |       |       |       |       |     1 ||     1
       Storm Form        |       |       |       |       |       |       |       |       |     1 ||     1
Invok: Heroism           |       |       |       |       |     3 |     6 |    14 |    16 |    23 ||    62
       Finesse           |       |       |       |       |       |       |       |     1 |       ||     1
 Abil: Evoke Blink       |       |       |       |       |     1 |     2 |     6 |       |       ||     9
Evoke: Wand              |       |       |       |     1 |     6 |     6 |    14 |     9 |    12 ||    48
       Condenser vane    |       |       |       |       |     3 |     3 |     2 |     2 |     2 ||    12
       Phial of floods   |       |       |       |       |       |     1 |       |     1 |     2 ||     4
       Phantom mirror    |       |       |       |       |       |       |       |     1 |     2 ||     3
       Box of beasts     |       |       |       |       |       |       |       |     1 |       ||     1
       Tin of tremorston |       |       |       |       |       |       |       |     2 |     3 ||     5
       Horn of Geryon    |       |       |       |       |       |       |       |       |     1 ||     1
  Use: Scroll            |       |     8 |     4 |     9 |     9 |     5 |    14 |     4 |    26 ||    79
       Potion            |       |     1 |     3 |     4 |     4 |     5 |     6 |       |    14 ||    37
 Stab: Sleeping          |     4 |     4 |     6 |     4 |     3 |     1 |     9 |     4 |       ||    35
       Distracted        |       |       |       |     1 |       |       |       |       |     1 ||     2
       Invisible         |       |       |       |       |     2 |       |     5 |       |     9 ||    16
       Confused          |       |       |       |       |     1 |     3 |       |       |       ||     4
       Paralysed         |       |       |       |       |       |     2 |       |       |       ||     2
Armor: Robe              |    22 |    18 |    25 |    40 |       |       |       |       |       ||   105
       Leather armour    |       |       |       |    78 |       |       |       |       |       ||    78
       Ring mail         |       |       |       |     6 |   127 |       |       |       |       ||   133
       Scale mail        |       |       |       |       |   123 |   308 |   127 |       |       ||   558
       Skin              |       |       |       |       |     2 |       |       |       |     1 ||     3
       Crystal plate arm |       |       |       |       |       |       |   326 |   806 |  2307 ||  3439
Dodge: Dodged            |    61 |    71 |    69 |   152 |   250 |   397 |   375 |   426 |  1364 ||  3165
Block: Buckler           |       |       |       |       |   141 |   224 |   206 |   251 |   725 ||  1547
       Reflection        |       |       |       |       |     1 |       |       |       |       ||     1

Table legend: (Time is in decaauts)
 A = Elapsed time spent in this place.
 B = Non-inter-level travel time spent in this place.
 C = Inter-level travel time spent in this place.
 D = Time resting spent in this place.
 E = Time spent auto-exploring this place.
 F = Levels seen in this place.
 G = Mean time per level.
                   A        B        C        D        E       F      G
               +--------+--------+--------+--------+--------+-----+--------+
         Total |  70910 |  61634 |   9276 |  12455 |  21578 |  55 | 1289.3 |
       Dungeon |  20482 |  17083 |   3399 |   4301 |   7442 |  15 | 1365.5 |
        Temple |      1 |      1 |      0 |      0 |      0 |   1 |    1.0 |
          Lair |   6658 |   5428 |   1230 |    403 |   2931 |   6 | 1109.7 |
         Swamp |   3455 |   2883 |    572 |    281 |   1254 |   4 |  863.8 |
   Spider Nest |   2691 |   2476 |    215 |    327 |    954 |   4 |  672.8 |
  Orcish Mines |   2190 |   1659 |    531 |    247 |    508 |   2 | 1095.0 |
   Elven Halls |   4979 |   4459 |    520 |    823 |   1659 |   3 | 1659.7 |
        Vaults |   9707 |   8757 |    950 |   1418 |   2685 |   5 | 1941.4 |
        Depths |  10684 |   9399 |   1285 |   2735 |   2082 |   5 | 2136.8 |
          Hell |    976 |    954 |     22 |     96 |    278 |   1 |  976.0 |
           Zot |   7997 |   7448 |    549 |   1619 |   1696 |   5 | 1599.4 |
         Trove |     52 |     52 |      0 |      0 |      5 |   1 |   52.0 |
        Bailey |    568 |    568 |      0 |    118 |     67 |   1 |  568.0 |
      Ice Cave |    140 |    140 |      0 |     45 |      0 |   1 |  140.0 |
        Wizlab |    324 |    324 |      0 |     41 |     17 |   1 |  324.0 |
               +--------+--------+--------+--------+--------+-----+--------+

Top non-repeatable levels by time:
Depths:4: 2784 daAuts
Vaults:5: 2637 daAuts
     D:5: 2490 daAuts
Depths:5: 2479 daAuts
   Elf:3: 2200 daAuts
    D:13: 2163 daAuts
Depths:2: 2134 daAuts
Vaults:1: 2052 daAuts
    D:10: 2033 daAuts
   Zot:2: 1993 daAuts
   Zot:5: 1967 daAuts
Vaults:2: 1871 daAuts
Vaults:4: 1762 daAuts
   Elf:2: 1701 daAuts
Depths:1: 1684 daAuts
